TOP OF THE 1ST |
West Virginia Power batting - Pitching for Binghamton Mets : RHP Felipe Hinojosa
|
Pitching: RHP Felipe Hinojosa
|
|
Batting: RHB Jordan Robinson
|
0-0: Called Strike 0-1: Fly out, F7 (Line Drive, 7, EV 92.5 MPH)
|
Batting: RHB Ted Goldblatt
|
0-0: Ball 1-0: Ball 2-0: Called Strike 2-1: Ground out U3 (Groundball, 3, EV 100.0 MPH)
|
Batting: RHB Aaron Kaskie
|
0-0: Called Strike 0-1: SINGLE (Groundball, 56D, EV 100.0 MPH)
|
Batting: RHB Tom Primmer
|
0-0: Ball 1-0: Swinging Strike 1-1: Fielders Choice at 2nd, U6 (Groundball, 6M, EV 86.9 MPH)
|
Top of the 1st over - 0 runs, 1 hit, 0 errors, 1 left on base; West Virginia 0 - Binghamton 0 |
BOTTOM OF THE 1ST |
Binghamton Mets batting - Pitching for West Virginia Power : LHP Grady Hebert
|
Pitching: LHP Grady Hebert
|
|
Batting: RHB Ben Herman
|
0-0: Ball 1-0: Called Strike 1-1: Swinging Strike 1-2: Foul Ball, location: 2F 1-2: Strikes out swinging
|
Batting: RHB Gang-sheng Chew
|
0-0: Ball 1-0: Ball 2-0: Ball 3-0: Called Strike 3-1: Base on Balls
|
Batting: LHB Bayesa Mundhir
|
0-0: Ball 1-0: Called Strike 1-1: Called Strike 1-2: Hit by Pitch Gang-sheng Chew to second
|
Batting: SHB Jerry Burrows
|
0-0: Called Strike 0-1: Foul Ball, location: 2F 0-2: Strikes out swinging
|
Batting: LHB Adam Barry
|
0-0: Ball 1-0: Swinging Strike 1-1: Swinging Strike 1-2: Fielders Choice at 2nd, 5-4 (Groundball, 5L, EV 85.0 MPH)
|
Bottom of the 1st over - 0 runs, 0 hits, 0 errors, 2 left on base; West Virginia 0 - Binghamton 0 |
TOP OF THE 2ND |
West Virginia Power batting - Pitching for Binghamton Mets : RHP Felipe Hinojosa
|
Batting: LHB Pat Baker
|
0-0: Ball 1-0: Ball 2-0: Ball 3-0: Called Strike 3-1: Foul Ball, location: 2F 3-2: Foul Ball, location: 2F 3-2: Strikes out swinging
|
Batting: RHB Roberto Guzman
|
0-0: Called Strike 0-1: SINGLE (Line Drive, 8LS, EV 108.8 MPH)
|
Batting: RHB Dennis Coppolino
|
Pickoff Throw to First - Out! 1-3 0-0: Ball 1-0: Ball 2-0: Called Strike 2-1: Ball 3-1: Base on Balls
|
Batting: RHB Steve Dennis
|
0-0: Called Strike 0-1: Ball 1-1: Foul Ball, location: 2F 1-2: Ball 2-2: Foul Ball, location: 2F 2-2: Ball 3-2: Base on Balls Dennis Coppolino to second
|
Batting: RHB John Beiswenger
|
0-0: Ball 1-0: Ground out 4-3 (Groundball, 4, EV 101.2 MPH)
|
Top of the 2nd over - 0 runs, 1 hit, 0 errors, 2 left on base; West Virginia 0 - Binghamton 0 |
BOTTOM OF THE 2ND |
Binghamton Mets batting - Pitching for West Virginia Power : LHP Grady Hebert
|
Batting: RHB Dave Conde
|
0-0: Called Strike 0-1: Swinging Strike 0-2: Ball 1-2: Ball 2-2: Ball 3-2: Foul Ball, location: 2F 3-2: Base on Balls
|
Batting: LHB Javy Cavazos
|
0-0: Called Strike 0-1: Called Strike 0-2: Ball 1-2: Grounds into double play, 4-6-3 (Groundball, 4, EV 83.8 MPH)
|
Batting: RHB Tetsuhiro Taki
|
0-0: Ground out 3-1 (Groundball, 34, EV 105.6 MPH)
|
Bottom of the 2nd over - 0 runs, 0 hits, 0 errors, 0 left on base; West Virginia 0 - Binghamton 0 |
TOP OF THE 3RD |
West Virginia Power batting - Pitching for Binghamton Mets : RHP Felipe Hinojosa
|
Batting: RHB Jordan Robinson
|
0-0: Ground out 5-3 (Groundball, 56, EV 110.6 MPH)
|
Batting: RHB Ted Goldblatt
|
0-0: Foul Ball, location: 2F 0-1: Ground out U3 (Groundball, 34, EV 86.9 MPH)
|
Batting: RHB Aaron Kaskie
|
0-0: Called Strike 0-1: Ball 1-1: Ground out 6-3 (Groundball, 6S, EV 86.9 MPH)
|
Top of the 3rd over - 0 runs, 0 hits, 0 errors, 0 left on base; West Virginia 0 - Binghamton 0 |
BOTTOM OF THE 3RD |
Binghamton Mets batting - Pitching for West Virginia Power : LHP Grady Hebert
|
Batting: SHB Julio Ramos
|
0-0: Foul Ball, location: 2F 0-1: Ball 1-1: Ball 2-1: Ball 3-1: Foul Ball, location: 2F 3-2: Ground out 6-3 (Groundball, 4M, EV 80.0 MPH)
|
Batting: RHB Ben Herman
|
0-0: Ball 1-0: Ball 2-0: Ball 3-0: Called Strike 3-1: SINGLE (Groundball, 4MD, EV 98.8 MPH)
|
Batting: RHB Gang-sheng Chew
|
0-0: Called Strike 0-1: Fly out, F5 (Line Drive, 5, EV 70.6 MPH)
|
Batting: LHB Bayesa Mundhir
|
0-0: Called Strike 0-1: Ball 1-1: Called Strike 1-2: Ball 2-2: Foul Ball, location: 2F 2-2: Ball 3-2: Base on Balls Ben Herman to second
|
Batting: SHB Jerry Burrows
|
0-0: Called Strike 0-1: Ground out 4-3 (Groundball, 4M, EV 105.0 MPH)
|
Bottom of the 3rd over - 0 runs, 1 hit, 0 errors, 2 left on base; West Virginia 0 - Binghamton 0 |
TOP OF THE 4TH |
West Virginia Power batting - Pitching for Binghamton Mets : RHP Felipe Hinojosa
|
Batting: RHB Tom Primmer
|
0-0: Ball 1-0: Ground out 6-3 (Groundball, 6S, EV 90.6 MPH)
|
Batting: LHB Pat Baker
|
0-0: Fly out, F6 (Flyball, 4MD, EV 85.0 MPH)
|
Batting: RHB Roberto Guzman
|
0-0: Called Strike 0-1: Ball 1-1: Ball 2-1: Foul Ball, location: 2F 2-2: Ball 3-2: Ground out 5-3 (Groundball, 5, EV 81.2 MPH)
|
Top of the 4th over - 0 runs, 0 hits, 0 errors, 0 left on base; West Virginia 0 - Binghamton 0 |
BOTTOM OF THE 4TH |
Binghamton Mets batting - Pitching for West Virginia Power : LHP Grady Hebert
|
Batting: LHB Adam Barry
|
0-0: Ball 1-0: Ball 2-0: Ball 3-0: Base on Balls
|
Batting: RHB Dave Conde
|
0-0: Called Strike 0-1: Called Strike 0-2: Strikes out looking
|
Batting: LHB Javy Cavazos
|
0-0: Called Strike 0-1: Ball 1-1: Foul Ball, location: 2F 1-2: Strikes out swinging
|
Batting: RHB Tetsuhiro Taki
|
0-0: Ball 1-0: Foul Ball, location: 2F 1-1: Ball 2-1: Swinging Strike 2-2: Strikes out swinging
|
Bottom of the 4th over - 0 runs, 0 hits, 0 errors, 1 left on base; West Virginia 0 - Binghamton 0 |
TOP OF THE 5TH |
West Virginia Power batting - Pitching for Binghamton Mets : RHP Felipe Hinojosa
|
Batting: RHB Dennis Coppolino
|
0-0: Called Strike 0-1: SOLO HOME RUN (Line Drive, 7D, EV 108.1 MPH), Distance : 388 ft
|
Batting: RHB Steve Dennis
|
0-0: Fly out, F4 (Popup, 4M, EV 75.6 MPH)
|
Batting: RHB John Beiswenger
|
0-0: Called Strike 0-1: Ball 1-1: Fly out, F9 (Flyball, 9D, EV 98.1 MPH)
|
Batting: RHB Jordan Robinson
|
0-0: Foul Ball, location: 2F 0-1: Called Strike 0-2: Strikes out swinging
|
Top of the 5th over - 1 run, 1 hit, 0 errors, 0 left on base; West Virginia 1 - Binghamton 0 |
BOTTOM OF THE 5TH |
Binghamton Mets batting - Pitching for West Virginia Power : LHP Grady Hebert
|
Batting: SHB Julio Ramos
|
0-0: SINGLE (Groundball, 4MD, EV 107.5 MPH)
|
Batting: RHB Ben Herman
|
0-0: Swinging Strike 0-1: Ball 1-1: Fly out, F8 (Flyball, 8RM, EV 74.4 MPH)
|
Batting: RHB Gang-sheng Chew
|
0-0: Called Strike 0-1: Called Strike 0-2: Ball 1-2: Foul Ball, location: 2F 1-2: Ball 2-2: Foul Ball, location: 2F 2-2: Strikes out swinging
|
Batting: LHB Bayesa Mundhir
|
0-0: Ball 1-0: Ball 2-0: Called Strike 2-1: Ground out 4-3 (Groundball, 4S, EV 88.1 MPH)
|
Bottom of the 5th over - 0 runs, 1 hit, 0 errors, 1 left on base; West Virginia 1 - Binghamton 0 |
TOP OF THE 6TH |
West Virginia Power batting - Pitching for Binghamton Mets : RHP Felipe Hinojosa
|
Batting: RHB Ted Goldblatt
|
0-0: Called Strike 0-1: Ball 1-1: Ground out 4-3 (Groundball, 4, EV 103.8 MPH)
|
Batting: RHB Aaron Kaskie
|
0-0: Ball 1-0: SINGLE (Groundball, 56D, EV 98.8 MPH)
|
Batting: RHB Tom Primmer
|
0-0: Ball 1-0: Called Strike 1-1: Ball 2-1: Foul Ball, location: 2F 2-2: Ball 3-2: Foul Ball, location: 2F 3-2: Base on Balls Aaron Kaskie to second
|
Pinch Runner at 2nd Jose Lozano:
|
|
Batting: LHB Pat Baker
|
0-0: Called Strike 0-1: Called Strike 0-2: Ball 1-2: Foul Ball, location: 2F 1-2: Ball 2-2: Ball 3-2: Grounds out, U3 (Groundball, 3L, EV 81.2 MPH) Jose Lozano to third
|
Batting: RHB Roberto Guzman
|
0-0: Ball 1-0: Called Strike 1-1: Ball 2-1: SINGLE (Line Drive, 56, EV 98.1 MPH) Jose Lozano scores Tom Primmer to third Runner from 3rd tries for Home, SAFE, throw by LF to home Roberto Guzman to second
|
Batting: RHB Dennis Coppolino
|
0-0: Foul Ball, location: 2F 0-1: Foul Ball, location: 2F 0-2: Ground out 6-3 (Groundball, 6, EV 86.9 MPH)
|
Top of the 6th over - 2 runs, 2 hits, 0 errors, 1 left on base; West Virginia 3 - Binghamton 0 |
BOTTOM OF THE 6TH |
Binghamton Mets batting - Pitching for West Virginia Power : LHP Grady Hebert
|
Now at 1B: Jose Lozano
|
|
Batting: SHB Jerry Burrows
|
0-0: Swinging Strike 0-1: Ball 1-1: DOUBLE (Line Drive, 78XD, EV 104.4 MPH)
|
Batting: LHB Adam Barry
|
0-0: Foul Ball, location: 2F 0-1: Ball 1-1: Ball 2-1: Ball 3-1: Foul Ball, location: 2F 3-2: Strikes out swinging
|
Batting: RHB Dave Conde
|
0-0: Ball 1-0: Ground out 4-3 (Groundball, 4, EV 83.1 MPH) Jerry Burrows to third
|
Batting: LHB Javy Cavazos
|
0-0: Fly out, F6 (Flyball, 56D, EV 87.5 MPH)
|
Bottom of the 6th over - 0 runs, 1 hit, 0 errors, 1 left on base; West Virginia 3 - Binghamton 0 |
TOP OF THE 7TH |
West Virginia Power batting - Pitching for Binghamton Mets : RHP Felipe Hinojosa
|
Batting: RHB Steve Dennis
|
0-0: Ball 1-0: Ball 2-0: DOUBLE (Flyball, 8RXD, EV 114.4 MPH)
|
Batting: RHB John Beiswenger
|
0-0: Bunted foul 0-1: Bunt missed! 0-2: Ball 1-2: Ball 2-2: Ball 3-2: Base on Balls
|
Batting: RHB Jordan Robinson
|
0-0: Called Strike 0-1: Called Strike 0-2: Ball 1-2: Ball 2-2: Ball 3-2: Grounds into double play, 4-6-3 (Groundball, 4, EV 86.9 MPH) Steve Dennis to third
|
Pitching: RHP Francis Cornick
|
|
Batting: RHB Ted Goldblatt
|
0-0: Ball Passed Ball! Steve Dennis scores 1-0: Called Strike 1-1: Called Strike 1-2: Ball 2-2: Ground out 6-3 (Groundball, 6, EV 90.0 MPH)
|
Top of the 7th over - 1 run, 1 hit, 0 errors, 0 left on base; West Virginia 4 - Binghamton 0 |
BOTTOM OF THE 7TH |
Binghamton Mets batting - Pitching for West Virginia Power : LHP Grady Hebert
|
Batting: RHB Tetsuhiro Taki
|
0-0: Foul Ball, location: 2F 0-1: Fly out, F9 (Flyball, 9LM, EV 85.0 MPH)
|
Batting: SHB Julio Ramos
|
0-0: Ground out 1-3 (Groundball, 25, EV 60.6 MPH)
|
Batting: RHB Ben Herman
|
0-0: Called Strike 0-1: Called Strike 0-2: Ball 1-2: Ball 2-2: Strikes out swinging
|
Bottom of the 7th over - 0 runs, 0 hits, 0 errors, 0 left on base; West Virginia 4 - Binghamton 0 |
TOP OF THE 8TH |
West Virginia Power batting - Pitching for Binghamton Mets : RHP Francis Cornick
|
Batting: RHB Jose Lozano
|
0-0: Ball 1-0: Ball 2-0: Swinging Strike 2-1: Ball 3-1: Called Strike 3-2: Foul Ball, location: 2F 3-2: Foul Ball, location: 2F 3-2: Ground out 1-3 (Groundball, 15S, EV 63.8 MPH)
|
Batting: RHB Tom Primmer
|
0-0: Ground out 6-3 (Groundball, 6, EV 80.6 MPH)
|
Batting: LHB Pat Baker
|
0-0: Ball 1-0: Ground out U3 (Groundball, 3L, EV 103.1 MPH)
|
Top of the 8th over - 0 runs, 0 hits, 0 errors, 0 left on base; West Virginia 4 - Binghamton 0 |
BOTTOM OF THE 8TH |
Binghamton Mets batting - Pitching for West Virginia Power : LHP Grady Hebert
|
Batting: RHB Gang-sheng Chew
|
0-0: SINGLE (Groundball, 56D, EV 103.1 MPH)
|
Batting: LHB Bayesa Mundhir
|
0-0: Ball 1-0: Called Strike 1-1: Ball 2-1: SINGLE (Groundball, 6D, EV 101.2 MPH) Gang-sheng Chew to second
|
Pitching: RHP Shuji Ito
|
|
Batting: SHB Jerry Burrows
|
0-0: Ball 1-0: Called Strike 1-1: Foul Ball, location: 2F 1-2: Strikes out swinging
|
Batting: LHB Adam Barry
|
0-0: Called Strike 0-1: Foul Ball, location: 2F 0-2: Ball 1-2: Strikes out swinging
|
Batting: RHB Dave Conde
|
0-0: Ball Wild Pitch! Gang-sheng Chew to third Bayesa Mundhir to second 1-0: Ball 2-0: Called Strike 2-1: Foul Ball, location: 2F 2-2: Strikes out looking
|
Bottom of the 8th over - 0 runs, 2 hits, 0 errors, 2 left on base; West Virginia 4 - Binghamton 0 |
TOP OF THE 9TH |
West Virginia Power batting - Pitching for Binghamton Mets : RHP Francis Cornick
|
Pitching: RHP Jason Vulich
|
|
Batting: RHB Roberto Guzman
|
0-0: Ground out 4-3 (Groundball, 4, EV 90.0 MPH)
|
Batting: RHB Dennis Coppolino
|
0-0: Swinging Strike 0-1: Ball 1-1: Foul Ball, location: 2F 1-2: Strikes out swinging
|
Batting: RHB Steve Dennis
|
0-0: Called Strike 0-1: Ground out 4-3 (Groundball, 4, EV 103.1 MPH)
|
Top of the 9th over - 0 runs, 0 hits, 0 errors, 0 left on base; West Virginia 4 - Binghamton 0 |
BOTTOM OF THE 9TH |
Binghamton Mets batting - Pitching for West Virginia Power : RHP Shuji Ito
|
Batting: LHB Javy Cavazos
|
0-0: Foul Ball, location: 2F 0-1: Ball 1-1: Ground out U3 (Groundball, 3, EV 88.8 MPH)
|
Pinch Hitting: SHB Tadaaki Kondo
|
0-0: Ball 1-0: Foul Ball, location: 2F 1-1: Ball 2-1: Foul Ball, location: 2F 2-2: Foul Ball, location: 2F 2-2: Strikes out swinging
|
Batting: SHB Julio Ramos
|
0-0: Ground out 5-3 (Groundball, 56, EV 92.5 MPH)
|
Bottom of the 9th over - 0 runs, 0 hits, 0 errors, 0 left on base; West Virginia 4 - Binghamton 0 |
|